PL
RICHARDSON CITY THUNDERCATS @ WIZARDING EXPRESS
07/18/2028
 
TOP OF THE 1ST
Richardson City Thundercats batting - Pitching for Wizarding Express : LHP Javier Roldán
Pitching: LHP Javier Roldán
Batting: SHB Mitch Qualtrough 0-0: Ball
1-0: Ball
2-0: Called Strike
2-1: Fly out, F6 (Line Drive, 6)
Batting: RHB Alden Wiley 0-0: Fly out, F9 (Flyball, 9LM)
Batting: RHB Junior Pittman 0-0: Ball
1-0: Foul Ball, location: 2F
1-1: Called Strike
1-2: Strikes out swinging
Top of the 1st over - 0 run(s), 0 hit(s), 0 error(s), 0 left on base; Richardson City 0 - Wizarding 0
BOTTOM OF THE 1ST
Wizarding Express batting - Pitching for Richardson City Thundercats : RHP Josef van der Poel
Pitching: RHP Josef van der Poel
Batting: RHB António Martínez 0-0: Ball
1-0: Called Strike
1-1: Fly out, F2 (Popup, 2R)
Batting: LHB José Corona 0-0: Called Strike
0-1: Fly out, F8 (Flyball, 8RD)
Batting: SHB Salvador Trevino 0-0: Ball
1-0: Ground out 6-3 (Groundball, 6S)
Bottom of the 1st over - 0 run(s), 0 hit(s), 0 error(s), 0 left on base; Richardson City 0 - Wizarding 0
TOP OF THE 2ND
Richardson City Thundercats batting - Pitching for Wizarding Express : LHP Javier Roldán
Batting: RHB Tomás Martínez 0-0: Called Strike
0-1: Swinging Strike
0-2: Strikes out swinging
Batting: RHB Pedro Castillo 0-0: Called Strike
0-1: Fly out, F4 (Popup, 4)
Batting: RHB Anselmo Berneu 0-0: Ball
1-0: Foul Ball, location: 2F
1-1: Called Strike
1-2: Foul Ball, location: 2F
1-2: Ground out 1-3 (Groundball, 15S)
Top of the 2nd over - 0 run(s), 0 hit(s), 0 error(s), 0 left on base; Richardson City 0 - Wizarding 0
BOTTOM OF THE 2ND
Wizarding Express batting - Pitching for Richardson City Thundercats : RHP Josef van der Poel
Batting: LHB Nathan Tanner 0-0: Ball
1-0: Ball
2-0: Called Strike
2-1: Ball
3-1: Called Strike
3-2: Base on Balls
Batting: SHB Fernando Sánchez 0-0: Grounds into double play, 4-6-3 (Groundball, 4)
Batting: LHB David Breitling 0-0: Ball
1-0: Called Strike
1-1: Foul Ball, location: 2F
1-2: Foul Ball, location: 2F
1-2: Ball
2-2: Foul Ball, location: 2F
2-2: SINGLE (Groundball, 56D)
Batting: RHB Steve Dunn 0-0: Ball
1-0: Foul Ball, location: 2F
1-1: Ball
2-1: Ball
3-1: Base on Balls
David Breitling to second
Batting: RHB Cole Shaffer 0-0: Ball
1-0: Fly out, F4 (Line Drive, 4M)
Bottom of the 2nd over - 0 run(s), 1 hit(s), 0 error(s), 2 left on base; Richardson City 0 - Wizarding 0
TOP OF THE 3RD
Richardson City Thundercats batting - Pitching for Wizarding Express : LHP Javier Roldán
Batting: RHB Joey Jones 0-0: Swinging Strike
0-1: Ball
1-1: Called Strike
1-2: Foul Ball, location: 2F
1-2: Foul Ball, location: 2F
1-2: Ball
2-2: Strikes out swinging
Batting: LHB Carroll Martin 0-0: Foul Ball, location: 2F
0-1: Ball
1-1: Ball
2-1: Foul Ball, location: 2F
2-2: Strikes out looking
Batting: RHB José Carlos Ramos 0-0: Ball
1-0: Ball
2-0: Ground out 5-3 (Groundball, 56S)
Top of the 3rd over - 0 run(s), 0 hit(s), 0 error(s), 0 left on base; Richardson City 0 - Wizarding 0
BOTTOM OF THE 3RD
Wizarding Express batting - Pitching for Richardson City Thundercats : RHP Josef van der Poel
Batting: LHB Kyung-chor Pang 0-0: Ball
1-0: Called Strike
1-1: Bunt for hit - play at first, batter safe!
Batting: RHB António Martínez 0-0: Fielders Choice at 2nd, 5-4 (Groundball, 56)
Batting: LHB José Corona 0-0: Called Strike
0-1: Ball
António Martínez steals 2nd base
1-1: Ground out 6-3 (Groundball, 6M)
António Martínez to third
Batting: SHB Salvador Trevino 0-0: Ball
1-0: Ball
2-0: Ball
3-0: Base on Balls
Batting: LHB Nathan Tanner 0-0: Called Strike
0-1: Ball
1-1: SINGLE (Groundball, 6MD)
António Martínez scores
Salvador Trevino to second
Batting: SHB Fernando Sánchez 0-0: Foul Ball, location: 2F
0-1: Ball
1-1: Ball
2-1: SINGLE (Flyball, 4MD)
Salvador Trevino to third
Nathan Tanner to second
Runner from 3rd tries for Home, SAFE, no throw
Batting: LHB David Breitling 0-0: Ball
1-0: Called Strike
1-1: Ball
2-1: Ball
3-1: Fly out, F9 (Flyball, 89D)
Bottom of the 3rd over - 2 run(s), 3 hit(s), 0 error(s), 2 left on base; Richardson City 0 - Wizarding 2
TOP OF THE 4TH
Richardson City Thundercats batting - Pitching for Wizarding Express : LHP Javier Roldán
Batting: SHB Mitch Qualtrough 0-0: Ball
1-0: Foul Ball, location: 2F
1-1: Ground out 1-3 (Groundball, P)
Batting: RHB Alden Wiley 0-0: Ball
1-0: Swinging Strike
1-1: Fly out, F9 (Flyball, 89D)
Batting: RHB Junior Pittman 0-0: Ball
1-0: Foul Ball, location: 2F
1-1: Ball
2-1: Foul Ball, location: 2F
2-2: Ball
3-2: Foul Ball, location: 2F
3-2: Fly out, F8 (Flyball, 8LM)
Top of the 4th over - 0 run(s), 0 hit(s), 0 error(s), 0 left on base; Richardson City 0 - Wizarding 2
BOTTOM OF THE 4TH
Wizarding Express batting - Pitching for Richardson City Thundercats : RHP Josef van der Poel
Batting: RHB Steve Dunn 0-0: Called Strike
0-1: Foul Ball, location: 2F
0-2: Ball
1-2: Strikes out swinging
Batting: RHB Cole Shaffer 0-0: Ball
1-0: Foul Ball, location: 2F
1-1: Foul Ball, location: 2F
1-2: Ball
2-2: Foul Ball, location: 2F
2-2: Fly out, F5 (Line Drive, 56)
Batting: LHB Kyung-chor Pang 0-0: Fly out, F8 (Flyball, 8RM)
Bottom of the 4th over - 0 run(s), 0 hit(s), 0 error(s), 0 left on base; Richardson City 0 - Wizarding 2
TOP OF THE 5TH
Richardson City Thundercats batting - Pitching for Wizarding Express : LHP Javier Roldán
Batting: RHB Tomás Martínez 0-0: Called Strike
0-1: Ball
1-1: Foul Ball, location: 2F
1-2: Strikes out swinging
Batting: RHB Pedro Castillo 0-0: Ball
1-0: Called Strike
1-1: Fly out, F8 (Flyball, 89M)
Batting: RHB Anselmo Berneu 0-0: Ground out 5-3 (Groundball, 56)
Top of the 5th over - 0 run(s), 0 hit(s), 0 error(s), 0 left on base; Richardson City 0 - Wizarding 2
BOTTOM OF THE 5TH
Wizarding Express batting - Pitching for Richardson City Thundercats : RHP Josef van der Poel
Batting: RHB António Martínez 0-0: DOUBLE (Line Drive, 7LD)
Batting: LHB José Corona 0-0: Ball
1-0: Fly out, F7 (Flyball, 78M)
Batting: SHB Salvador Trevino 0-0: Ball
1-0: Ball
2-0: Called Strike
2-1: Fly out, F8 (Flyball, 8LXD)
Runner from 2nd tags up, SAFE at 3rd, no throw
Batting: LHB Nathan Tanner 0-0: Ball
1-0: SINGLE (Line Drive, 78S)
António Martínez scores
Batting: SHB Fernando Sánchez 0-0: Ball
1-0: Called Strike
1-1: Ball
2-1: Foul Ball, location: 2F
2-2: SINGLE (Groundball, 34D)
Nathan Tanner to second
Runner from 2nd tries for 3rd, SAFE, no throw
Batting: LHB David Breitling 0-0: Ball
1-0: Foul Ball, location: 2F
1-1: Swinging Strike
1-2: Fly out, F7 (Flyball, 7S)
Bottom of the 5th over - 1 run(s), 3 hit(s), 0 error(s), 2 left on base; Richardson City 0 - Wizarding 3
TOP OF THE 6TH
Richardson City Thundercats batting - Pitching for Wizarding Express : LHP Javier Roldán
Batting: RHB Joey Jones 0-0: Called Strike
0-1: Ball
1-1: Ball
2-1: Foul Ball, location: 2F
2-2: Strikes out swinging
Batting: LHB Carroll Martin 0-0: Ball
1-0: Called Strike
1-1: Swinging Strike
1-2: Strikes out swinging
Batting: RHB José Carlos Ramos 0-0: Called Strike
0-1: Foul Ball, location: 2F
0-2: Foul Ball, location: 2F
0-2: Strikes out looking
Top of the 6th over - 0 run(s), 0 hit(s), 0 error(s), 0 left on base; Richardson City 0 - Wizarding 3
BOTTOM OF THE 6TH
Wizarding Express batting - Pitching for Richardson City Thundercats : RHP Josef van der Poel
Batting: RHB Steve Dunn 0-0: Ground out 6-3 (Groundball, 6)
Batting: RHB Cole Shaffer 0-0: Ball
1-0: Ball
2-0: Foul Ball, location: 2F
2-1: Foul Ball, location: 2F
2-2: Strikes out looking
Batting: LHB Kyung-chor Pang 0-0: SOLO HOME RUN (Line Drive, 89XD), Distance : 384 ft
Pitching: RHP Dave Reed
Batting: RHB António Martínez 0-0: Foul Ball, location: 2F
0-1: Ball
1-1: Ground out 6-3 (Groundball, 6S)
Bottom of the 6th over - 1 run(s), 1 hit(s), 0 error(s), 0 left on base; Richardson City 0 - Wizarding 4
TOP OF THE 7TH
Richardson City Thundercats batting - Pitching for Wizarding Express : LHP Javier Roldán
Batting: SHB Mitch Qualtrough 0-0: Ball
1-0: Called Strike
1-1: Foul Ball, location: 2F
1-2: Foul Ball, location: 2F
1-2: Ball
2-2: Ball
3-2: Ground out 1-3 (Groundball, 13)
Batting: RHB Alden Wiley 0-0: Swinging Strike
0-1: Foul Ball, location: 2F
0-2: Strikes out swinging
Batting: RHB Junior Pittman 0-0: Called Strike
0-1: Foul Ball, location: 2F
0-2: Ball
1-2: Ball
2-2: Foul Ball, location: 2F
2-2: Ground out 5-3 (Groundball, 5D)
Top of the 7th over - 0 run(s), 0 hit(s), 0 error(s), 0 left on base; Richardson City 0 - Wizarding 4
BOTTOM OF THE 7TH
Wizarding Express batting - Pitching for Richardson City Thundercats : RHP Dave Reed
Batting: LHB José Corona 0-0: Ball
1-0: Fly out, F8 (Flyball, 8LM)
Batting: SHB Salvador Trevino 0-0: Ball
1-0: Ball
2-0: Called Strike
2-1: Ground out 3-1 (Groundball, 34S)
Batting: LHB Nathan Tanner 0-0: Foul Ball, location: 2F
0-1: Ball
1-1: Ball
2-1: Foul Ball, location: 2F
2-2: SINGLE (Groundball, 56D)
Batting: SHB Fernando Sánchez 0-0: Ball
Nathan Tanner steals 2nd base
1-0: Ball
2-0: Called Strike
2-1: Ground out 1-3 (Groundball, 15S)
Bottom of the 7th over - 0 run(s), 1 hit(s), 0 error(s), 1 left on base; Richardson City 0 - Wizarding 4
TOP OF THE 8TH
Richardson City Thundercats batting - Pitching for Wizarding Express : LHP Javier Roldán
Batting: RHB Tomás Martínez 0-0: Ball
1-0: Ball
2-0: Called Strike
2-1: Called Strike
2-2: Ground out 1-3 (Groundball, 15S)
Batting: RHB Pedro Castillo 0-0: Called Strike
0-1: Ball
1-1: Ball
2-1: Foul Ball, location: 2F
2-2: Fly out, F7 (Flyball, 7S)
Batting: RHB Anselmo Berneu 0-0: Fly out, F3 (Popup, 34)
Top of the 8th over - 0 run(s), 0 hit(s), 0 error(s), 0 left on base; Richardson City 0 - Wizarding 4
BOTTOM OF THE 8TH
Wizarding Express batting - Pitching for Richardson City Thundercats : RHP Dave Reed
Batting: LHB David Breitling 0-0: Foul Ball, location: 2F
0-1: Called Strike
0-2: Ground out 4-3 (Groundball, 4)
Batting: RHB Steve Dunn 0-0: Ball
1-0: Ground out 4-3 (Groundball, 4)
Batting: RHB Cole Shaffer 0-0: Ball
1-0: Ball
2-0: Fly out, F4 (Line Drive, 4M)
Bottom of the 8th over - 0 run(s), 0 hit(s), 0 error(s), 0 left on base; Richardson City 0 - Wizarding 4
TOP OF THE 9TH
Richardson City Thundercats batting - Pitching for Wizarding Express : LHP Javier Roldán
Batting: RHB Joey Jones 0-0: Foul Ball, location: 2F
0-1: Called Strike
0-2: Ball
1-2: Ball
2-2: Fly out, F7 (Flyball, 7D)
Batting: LHB Carroll Martin 0-0: Swinging Strike
0-1: TRIPLE (Flyball, 8LXD)
Pitching: RHP Juan Cantú
Batting: RHB José Carlos Ramos 0-0: Ball
1-0: Ball
2-0: Ball
3-0: Base on Balls
Pitching: LHP Eijiro Takahashi
Batting: SHB Mitch Qualtrough 0-0: Ball
1-0: Foul Ball, location: 2F
1-1: Ball
2-1: Swinging Strike
2-2: Strikes out swinging
Batting: RHB Alden Wiley 0-0: Called Strike
0-1: Ball
1-1: Called Strike
1-2: Foul Ball, location: 2F
1-2: Strikes out swinging
Top of the 9th over - 0 run(s), 1 hit(s), 0 error(s), 2 left on base; Richardson City 0 - Wizarding 4
Wednesday, August 16th, 2017 - OOTP Baseball 17.12 Build 75